 Dungeon Crawl Stone Soup version 0.32-a0-656-g3542139ebd (webtiles) character file.

Game seed: 14980176927389515578

1100 javelincjr the Ruffian (level 8, -1/102 HPs)
             Began as a Minotaur Shapeshifter on Mar 8, 2024.
             Slain by a yak (9 damage)
             ... on level 5 of the Dungeon.
             The game lasted 00:15:34 (4406 turns).

javelincjr the Ruffian (Minotaur Shapeshifter)      Turns: 4406, Time: 00:15:35

Health: -1/102     AC:  2    Str: 20    XL:     8   Next: 10%
Magic:  7/7        EV: 13    Int: 13    God:
Gold:   228        SH:  0    Dex: 11    Spells: 7/7 levels left

rFire   . . .        n - +2 dagger (speed)
rCold   . . .        (no shield)
rNeg    . . .        a - +0 animal skin
rPois   .            (helmet currently unavailable)
rElec   .            (cloak currently unavailable)
rCorr   .            (gloves currently unavailable)
SInv    .            (boots currently unavailable)
Will    +....        u - amulet of magic regeneration Stlth
                     w - ring of willpower
HPRegen 0.37/turn    A - +6 ring of intelligence
MPRegen 0.50/turn

%: no passive effects
@: berserking, beast-form, attractive, very quick
A: beast (slay +2), horns 2, retaliatory headbutt
a: Begin Untransformation


You were on level 5 of the Dungeon.
You were a hulking beast.
You visited 1 branch of the dungeon, and saw 5 of its levels.

You collected 228 gold pieces.

Inventory:

Hand Weapons
 m - a +0 short sword of electrocution
 n - a +2 dagger of speed (weapon)
 r - a +0 spear
 s - a +0 sling
Missiles
 e - an atropa-tipped dart
 z - 4 poisoned darts
Armour
 a - a +0 animal skin (worn)
 j - a +0 pair of gloves
Jewellery
 u - an amulet of magic regeneration (around neck)
 w - a ring of willpower (left hand)
 x - an amulet of faith
 A - a +6 ring of intelligence (right hand)
Talismans
 c - a beast talisman (active)
 d - a flux talisman
 C - a maw talisman
Scrolls
 f - 6 scrolls of identify {unknown}
 h - a scroll of enchant weapon {unknown}
 i - 2 scrolls of summoning {unknown}
 k - 2 scrolls of amnesia {unknown}
 l - a scroll of silence {unknown}
 o - 6 scrolls of teleportation {unknown}
 p - a scroll of poison {unknown}
 q - 2 scrolls of fear {unknown}
 t - a scroll of blinking {unknown}
 y - a scroll of vulnerability {unknown}
 E - a scroll of revelation {unknown}
 J - a scroll of fog {unknown}
Potions
 b - 2 potions of lignification
 g - a potion of attraction
 D - a potion of cancellation {unknown}
 G - a potion of degeneration {unknown}
 H - a potion of might {unknown}


   Skills:
 + Level 5.1 Fighting
 + Level 5.0 Dodging
 + Level 5.7 Unarmed Combat
 * Level 5.2 Shapeshifting


You had 7 spell levels left.
You didn't know any spells.
Your spell library contained the following spells:

 Spells                   Type           Power      Damage    Failure   Level
 Necrotise                Necr           0%         1d4       30%         1
 Summon Small Mammal      Summ           0%         N/A       30%         1
 Mercury Vapours          Alch/Air       0%         N/A       43%         2
 Call Canine Familiar     Summ           0%         N/A       67%         3
 Gell's Gravitas          Tloc           0%         N/A       67%         3
 Mephitic Cloud           Conj/Alch/Air  0%         N/A       67%         3
 Teleport Other           Tloc           0%         N/A       67%         3
 Vampiric Draining        Necr           0%         2d6       67%         3
 Martyr's Knell           Necr/Summ      0%         N/A       97%         4
 Summon Blazeheart Golem  Fire/Summ      0%         N/A       97%         4
 Alistair's Intoxication  Alch           0%         N/A       100%        5
 Borgnjor's Vile Clutch   Necr/Erth      0%         N/A       100%        5
 Curse of Agony           Necr           0%         N/A       100%        5
 Freezing Cloud           Conj/Ice/Air   0%         6-21      100%        5
 Dispersal                Tloc           0%         N/A       100%        6
 Eringya's Noxious Bog    Alch           0%         4d6       100%        6


Dungeon Overview and Level Annotations

Branches:
Dungeon (5/15)
 Temple: D:4-7

Altars:
Gozag


Innate Abilities, Weirdness & Mutations

You are a hulking beast.
Your limbs bulge with bestial killing power. (Slay +2)
You have a pair of horns on your head.
You reflexively headbutt those who attack you in melee.


Message History

You furiously retaliate!
You headbutt the yak.
It was a potion of berserk rage.
A red film seems to cover your vision as you go berserk!
You feel yourself moving faster!
You feel mighty! The yak closely misses you.
You puncture the yak!
The yak is almost dead.
You hit the yak.
You kill the yak!
The yak is attracted toward you. x2; Something is attracted toward you.
You puncture the yak! You headbutt the yak, but do no damage.
The yak is moderately wounded.
The yak gores you.
You hit the yak. You headbutt the yak!
The yak is severely wounded.
You closely miss the yak.
The yak is severely wounded.
The yak gores you!
* * * LOW HITPOINT WARNING * * *
You puncture the yak!
The yak is almost dead.
You hit the yak.
You kill the yak!
Your Shapeshifting skill increases to level 5!
You hit the yak.
The yak is lightly wounded.
You puncture the yak! You headbutt the yak!
The yak is almost dead.
The yak gores you!
* * * LOW HITPOINT WARNING * * *
You puncture the yak!
You kill the yak!
The yak is attracted toward you.
Your Fighting skill increases to level 5!
Your Dodging skill increases to level 5!
You have reached level 8!
You feel agile.
You puncture the yak!
The yak is lightly wounded.
The yak gores you!
You die...

#...###### #(#
#...'....# #Y#
#...####.# #.#
#...# #.# #Y#
#.### #.# #.#
#.# #.# #Y#
#.# #<# #.#
#.##########.#
#.......hY§..#
##############


You could see a yak.

Vanquished Creatures
  Eustachio (D:4)
  4 yaks (D:5)
  A lemure (D:5)
  A phantom (D:4)
  A hound (D:3)
  3 jellies (D:4)
  A bombardier beetle (D:4)
  3 gnolls
  12 adders
  2 dart slugs
  A ribbon worm (D:3)
  8 orcs (D:3)
  7 endoplasms
  4 giant cockroaches
  9 goblins
  12 hobgoblins
  2 jackals (D:2)
  6 quokkas
  6 ball pythons
  6 bats
  7 kobolds
  8 rats
105 creatures vanquished.

Notes
Turn   | Place    | Note
-------+----------+-------------------------------------------
     0 | D:1      | javelincjr the Minotaur Shapeshifter began the quest for
                  | the Orb.
     0 | D:1      | Reached XP level 1. HP: 16/16 MP: 0/0
   261 | D:1      | Reached XP level 2. HP: 21/23 MP: 1/1
   996 | D:2      | Found a faded altar of an unknown god.
  1009 | D:1      | HP: 1/24 [gnoll/+0 flail (10)]
  1011 | D:1      | Reached XP level 3. HP: 2/29 MP: 2/2
  1358 | D:2      | Reached XP level 4. HP: 21/37 MP: 3/3
  2003 | D:3      | Found an opulent altar of Gozag.
  2344 | D:3      | Reached XP level 5. HP: 44/44 MP: 4/4
  3401 | D:4      | Noticed Eustachio
  3421 | D:4      | Killed Eustachio
  3422 | D:4      | Reached XP level 6. HP: 5/52 MP: 5/5
  4148 | D:4      | Reached skill level 5 in Unarmed Combat
  4148 | D:4      | Reached XP level 7. HP: 48/59 MP: 6/6
  4299 | D:5      | Entered Level 5 of the Dungeon
  4338 | D:5      | Noticed a yak
  4338 | D:5      | Noticed a yak
  4346 | D:5      | Noticed a yak
  4348 | D:5      | Noticed a yak
  4351 | D:5      | Noticed a yak
  4385 | D:5      | Killed a yak
  4397 | D:5      | Killed a yak
  4402 | D:5      | Killed a yak
  4403 | D:5      | Reached skill level 5 in Shapeshifting
  4405 | D:5      | Killed a yak
  4406 | D:5      | Reached skill level 5 in Fighting
  4406 | D:5      | Reached skill level 5 in Dodging
  4406 | D:5      | Reached XP level 8. HP: 8/68 MP: 7/7
  4406 | D:5      | Slain by a yak

Illustrated notes

Levels and vault maps discovered:
D:1:      co_arrival_square_in_a_square_in_a_square, layout_loops_corners,
          minmay_pentomino_x2
D:2:      layout_basic, nicolae_ecumenical_pavilion, st_stairs_7
D:3:      minmay_razor_zed, layout_loops_ring, mainiacjoe_overflow_catwalk,
          kennysheep_generic_room_8
D:4:      minmay_chambers_of_twos, layout_gridville, uniq_eustachio
D:5:      layout_basic, uniq_pikel, uniq_blork_the_orc, uniq_ijyb, uniq_duvessa

Skill      XL: |  1  2  3  4  5  6  7 |
---------------+----------------------+-----
Fighting       | 2 3 4 5 |  5.1
Shapeshifting  | 3 4 5 |  5.2
Dodging        | 3 4 5 |  5.0
Unarmed Combat | 4 5 |  5.7

Action                     |  1- 3 |  4- 6 |  7- 9 || total
---------------------------+-------+-------+-------++-------
  Melee: Unarmed           |    28 |       |       ||    28
         Headbutt          |    10 |    26 |     7 ||    43
         Dagger            |    47 |   158 |    29 ||   234
  Throw: Dart              |     1 |     6 |     5 ||    12
  Evoke: Wand              |       |       |     3 ||     3
    Use: Potion            |     1 |       |     4 ||     5
   Stab: Invisible         |       |     3 |       ||     3
         Sleeping          |       |     1 |       ||     1
 Armour: Animal skin       |    39 |    73 |    16 ||   128
  Dodge: Dodged            |    47 |    64 |    12 ||   123

Table legend: (Time is in decaauts)
 A = Elapsed time spent in this place.
 B = Non-inter-level travel time spent in this place.
 C = Inter-level travel time spent in this place.
 D = Time resting spent in this place.
 E = Time spent auto-exploring this place.
 F = Levels seen in this place.
 G = Mean time per level.
                   A        B        C        D        E       F      G
               +--------+--------+--------+--------+--------+-----+--------+
         Total |   4322 |   4146 |    176 |    503 |   2886 |   5 |  864.4 |
       Dungeon |   4322 |   4146 |    176 |    503 |   2886 |   5 |  864.4 |
               +--------+--------+--------+--------+--------+-----+--------+

Top non-repeatable levels by time:
     D:1: 1149 daAuts
     D:4: 1135 daAuts
     D:3: 1124 daAuts
     D:2: 816 daAuts
     D:5: 96 daAuts
